 Dungeon Crawl Stone Soup version 0.30-a0-223-gcb0039aa0c (webtiles) character file.

Game seed: 6484273408066468115

17292 qw the Cleaver (level 12, 0/77 HPs)
             Began as a Gargoyle Fighter on Oct 9, 2022.
             Slain by a killer bee (7 damage)
             ... on level 1 of the Lair of Beasts.
             The game lasted 00:04:51 (11549 turns).

qw the Cleaver (Gargoyle Fighter)                  Turns: 11549, Time: 00:04:52

Health: 0/77       AC: 26    Str: 27    XL:     12   Next: 46%
Magic:  12/12      EV:  7    Int: 11    God:
Gold:   421        SH: 11    Dex: 11    Spells: 11/11 levels left

rFire   + . .      SeeInvis .    k - +8 broad axe "Guproiff" {flame, rPois rF+ Will+ Str-4}
rCold   . . .      Faith    .    h - +1 kite shield of the Coins {*Slow rN+++ Will+ Stlth-}
rNeg    + + +      Spirit   .    p - +1 plate armour
rPois   inf        Reflect  .    (no helmet)
rElec   +          Harm     .    (no cloak)
rCorr   .          Rampage  .    (no gloves)
Will    +++..                    v - +2 pair of boots of Hangman {rPois Int+2 Dex+2 Stlth+}
Stlth   ..........               (no amulet)
HPRegen 0.32/turn                u - ring of willpower
MPRegen 0.13/turn                r - +6 ring of strength

@: about to teleport
A: sickness immunity, AC +8, negative energy resistance 1, electricity
resistance, torment resistance 1, petrification resistance
a: no special abilities


You were on level 1 of the Lair of Beasts.
You visited 2 branches of the dungeon, and saw 12 of its levels.

You collected 477 gold pieces.
You spent 56 gold pieces at shops.


Innate Abilities, Weirdness & Mutations

You are immune to sickness and miasma.
Your stone body is resilient. (AC +8)
You are immune to poison.
You resist negative energy. (rN+)
You are resistant to electric shocks. (rElec)
You are resistant to unholy torment.
You are immune to petrification.


   Skills:
 - Level 10.1 Fighting
 - Level 12.9 Axes
 - Level 4.1 Throwing
 - Level 8.3 Armour
 - Level 2.3 Dodging
 + Level 9.2 Shields


You had 11 spell levels left.
You didn't know any spells.
Your spell library was empty.

Inventory:

Hand Weapons
 k - the +8 broad axe "Guproiff" (weapon) {flame, rPois rF+ Will+ Str-4}
   (You acquired it on level 6 of the Dungeon)

   It burns those it strikes, dealing additional fire damage.
   Big, fiery blades are also staple armaments of hydra-hunters.
   Str:       It affects your strength (-4).
   rF:        It protects you from fire.
   rPois:     It protects you from poison.
   Will:      It increases your willpower.
Missiles
 e - 3 boomerangs
 l - 5 javelins
 o - 3 silver boomerangs (quivered)
 t - a silver javelin
Armour
 h - the +1 kite shield of the Coins (worn) {*Slow rN+++ Will+ Stlth-}
   (You took it off an orc on level 11 of the Dungeon)

   rN:        It renders you almost immune to negative energy.
   *Slow:     It may slow you when you take damage.
   Will:      It increases your willpower.
   Stlth:     It makes you less stealthy.
 p - a +1 plate armour (worn)
 v - the +2 pair of boots of Hangman (worn) {rPois Int+2 Dex+2 Stlth+}
   (You found it on level 10 of the Dungeon)

   Int:       It affects your intelligence (+2).
   Dex:       It affects your dexterity (+2).
   rPois:     It protects you from poison.
   Stlth:     It makes you more stealthy.
Jewellery
 i - a ring of ice
 r - a +6 ring of strength (right hand)
 u - a ring of willpower (left hand)
 Y - a ring of positive energy
Scrolls
 f - 4 scrolls of identify
 g - 4 scrolls of teleportation
Potions
 a - 5 potions of curing
 b - 3 potions of attraction
 d - 4 potions of might
 j - 4 potions of heal wounds
 m - 2 potions of mutation
 q - 2 potions of haste
 s - a potion of invisibility {unknown}

Dungeon Overview and Level Annotations

Branches:
Dungeon (11/15)            Temple (0/1) D:7            Lair (1/5) D:9
    Orc (0/2) D:11

Altars:
Elyvilon
Hepliaklqana
Makhleb
Yredelemnul
Zin

Shops:
D:3 (   D:6 *

Portals:
Trove: D:11 (give +6 demon whip)


Message History

The killer bee stings you but does no damage.
The killer bee stings you.
The killer bee stings you but does no damage.
You miss the killer bee.
The killer bee is almost dead.
You miss the killer bee. You slash the queen bee! You burn the queen bee.
The killer bee rages.
You block the killer bee's attack. x2; The queen bee stings you!
The killer bee stings you but does no damage. x2
You miss the killer bee.
The killer bee is almost dead.
You slash the killer bee! You burn the killer bee.
You kill the killer bee!
You slash the queen bee! You burn the queen bee.
You kill the queen bee!
The killer bee completely misses you. The killer bee barely misses you.
You block the killer bee's attack. x2
The killer bee stings you but does no damage.
You miss the killer bee.
The killer bee is almost dead.
You slash the killer bee! You burn the killer bee.
The killer bee barely misses you.
The killer bee stings you but does no damage.
You block the killer bee's attack.
The killer bee stings you but does no damage.
You block the killer bee's attack.
You miss the killer bee.
The killer bee is almost dead.
You closely miss the killer bee.
The killer bee stings you. x2; You block the killer bee's attack.
The killer bee stings you.
The killer bee stings you but does no damage.
11549 ||| READING 5 scrolls of teleportation.
As you read the scroll of teleportation, it crumbles to dust.
You feel strangely unstable. The killer bee completely misses you.
You block the killer bee's attack. The killer bee stings you.
The killer bee stings you but does no damage.
The killer bee stings you!
You die...

......## #.#
../....#####.##
........##....###
................#
%....###.......#####
....P#
#...........#######.
....##
#...................
...##
...........##.....#+7
...#
##........y@########
..## #..#######y%#
#%.# #..# ...# #%.#
.#..# #..# ..#..#
#..## !. #(.# ##..#
.!! ##.# #..# ### ##
##.# ## ..


You could see 2 killer bees.

Vanquished Creatures
  2 two-headed ogres
  A boulder beetle (D:11)
  Pikel (D:9)
  2 cane toads (Lair:1)
  A gargoyle (D:11)
  4 komodo dragons
  An unseen horror (D:8)
  3 trolls
  A queen bee (Lair:1)
  A hornet (D:9)
  3 blink frogs (Lair:1)
  3 slime creatures (D:11)
  Sigmund (D:2)
  A shadow (D:10)
  2 wraiths
  23 yaks
  Eustachio (D:4)
  A steam dragon (D:8)
  2 vampire mosquitoes (D:11)
  3 water moccasins
  3 sky beasts
  2 ice beasts
  An orc warrior (D:8)
  An ogre (D:7)
  A wolf (D:9)
  2 centaurs
  4 phantoms
  3 lemures (D:9)
  2 kobold brigands
  7 bullfrogs
  3 necrophages
  2 scorpions
  A gnoll sergeant (D:7)
  16 wights
  27 killer bees
  An electric eel (D:9)
  6 howler monkeys
  10 hounds
  A jelly (D:6)
  9 orc priests
  3 gnoll boudas
  4 iguanas
  14 orc wizards
  Ijyb (D:3)
  16 gnolls
  5 adders
  A white imp (D:6)
  2 worms
  2 dart slugs (D:1)
  40 orcs
  5 endoplasms
  4 giant cockroaches
  7 hobgoblins
  2 jackals (D:4)
  2 quokkas
  10 ball pythons
  5 bats
  5 frilled lizards
  13 goblins
  11 kobolds
  4 rats
315 creatures vanquished.

Notes
Turn   | Place    | Note
-------+----------+-------------------------------------------
     0 | D:1      | qw the Gargoyle Fighter began the quest for the Orb.
     0 | D:1      | Reached XP level 1. HP: 14/14 MP: 1/1
     0 | D:1      | 0 ||| qw: Version: 0.2-a-17-g06abaee
     0 | D:1      | 0 ||| qw: Game counter: 2173
     0 | D:1      | 0 ||| qw: Always use a shield: true
     0 | D:1      | 0 ||| qw: God list: Okawaru
     0 | D:1      | 0 ||| qw: Allow faded altars: false
     0 | D:1      | 0 ||| qw: Do Orc after D:15 true
     0 | D:1      | 0 ||| qw: Do second Lair branch before Depths: true
     0 | D:1      | 0 ||| qw: Lair rune preference: random
     0 | D:1      | 0 ||| qw: Plans: Normal, Zot:1-4, God:TSO, Crypt, Tomb,
                  | Pan, Slime:5, Hells, Abyss, Orb
     0 | D:1      | 0 ||| PLANNING D:1-11
    20 | D:1      | 20 ||| Stepping ~*~*~tactically~*~*~ (stealth).
    27 | D:1      | Reached skill level 2 in Axes
    35 | D:1      | 35 ||| Stepping ~*~*~tactically~*~*~ (hiding).
    38 | D:1      | 38 ||| Stepping ~*~*~tactically~*~*~ (hiding).
   188 | D:1      | Reached XP level 2. HP: 19/19 MP: 2/2
   205 | D:1      | 205 ||| Stepping ~*~*~tactically~*~*~ (stealth).
   296 | D:1      | Found a faded altar of an unknown god.
   333 | D:1      | Reached skill level 3 in Axes
   338 | D:1      | 338 ||| Stepping ~*~*~tactically~*~*~ (stealth).
   344 | D:1      | Reached XP level 3. HP: 23/23 MP: 3/3
   637 | D:1      | 637 ||| READING scroll labelled JAOKUBLI YBRO.
   638 | D:1      | 638 ||| READING 2 scrolls labelled AKASER ZO GOATZ.
   639 | D:1      | 639 ||| READING 2 scrolls labelled QUNLEBR PYGO.
   643 | D:1      | 643 ||| READING scroll labelled MULLIL CEBOWU.
   644 | D:1      | 644 ||| DRINKING 3 ruby potions.
   656 | D:2      | 656 ||| Stepping ~*~*~tactically~*~*~ (stealth).
   657 | D:2      | 657 ||| Stepping ~*~*~tactically~*~*~ (stealth).
   687 | D:2      | 687 ||| Stepping ~*~*~tactically~*~*~ (stealth).
   854 | D:2      | Identified the +0 robe of Trumpets {Dex+3}
  1056 | D:2      | Found a white marble altar of Elyvilon.
  1075 | D:2      | Reached XP level 4. HP: 20/28 MP: 4/4
  1113 | D:2      | Noticed Sigmund
  1124 | D:2      | Killed Sigmund
  1125 | D:2      | Reached skill level 5 in Axes
  1125 | D:2      | Reached XP level 5. HP: 10/32 MP: 5/5
  1368 | D:2      | 1368 ||| READING scroll labelled HIOSIE ZIRRY.
  1392 | D:2      | 1392 ||| READING scroll labelled DOETOE VAGI.
  1441 | D:3      | 1441 ||| STAIRDANCE
  1460 | D:2      | 1460 ||| DROPPING +0 club.
  1469 | D:3      | Reached XP level 6. HP: 29/37 MP: 6/6
  1469 | D:3      | 1469 ||| STAIRDANCE
  1503 | D:3      | 1503 ||| DROPPING +0 whip.
  1529 | D:3      | Found a burning altar of Makhleb.
  1658 | D:3      | Noticed a cacodemon
  1660 | D:3      | Found a glowing silver altar of Zin.
  1660 | D:3      | Noticed an angel
  1684 | D:3      | Noticed Ijyb
  1704 | D:3      | Killed Ijyb
  2112 | D:3      | Found Rishu's Antique Weapon Shop.
  2246 | D:3      | 2246 ||| UPGRADING to +0 chain mail.
  2256 | D:3      | 2256 ||| DROPPING +0 scale mail.
  2257 | D:3      | 2257 ||| UPGRADING to +0 plate armour.
  2267 | D:3      | 2267 ||| DROPPING +0 chain mail.
  2268 | D:3      | 2268 ||| UPGRADING to ring of positive energy.
  2269 | D:3      | 2269 ||| READING scroll labelled VUX COWEHUHOFF.
  2270 | D:3      | 2270 ||| READING scroll labelled KEL ATWAPH.
  2271 | D:3      | 2271 ||| DRINKING 2 black potions.
  2272 | D:3      | 2272 ||| READING 2 scrolls of identify.
  2272 | D:3      | 2272 ||| IDENTIFYING red potion
  2273 | D:3      | 2273 ||| DROPPING potion of flight.
  2274 | D:3      | 2274 ||| DROPPING potion of berserk rage.
  2304 | D:4      | Reached skill level 1 in Throwing
  2391 | D:4      | Noticed Eustachio
  2404 | D:4      | Killed Eustachio
  2405 | D:4      | Reached skill level 6 in Axes
  2405 | D:4      | Reached XP level 7. HP: 43/43 MP: 7/7
  2428 | D:4      | 2428 ||| READING scroll of enchant armour.
  2428 | D:4      | 2428 ||| ENCHANTING +0 plate armour.
  2916 | D:4      | Found a hazy altar of Hepliaklqana.
  2952 | D:4      | You fall into a shaft and drop 1 floor!
  2952 | D:5      | Entered Level 5 of the Dungeon
  3143 | D:5      | 3143 ||| READING scroll labelled TULYIS BENTA.
  3144 | D:5      | 3144 ||| READING scroll labelled KAODAPT KOIRRU.
  3145 | D:5      | 3145 ||| READING 3 scrolls of identify.
  3145 | D:5      | 3145 ||| IDENTIFYING inky potion
  3146 | D:5      | 3146 ||| READING 2 scrolls of identify.
  3146 | D:5      | 3146 ||| IDENTIFYING fizzy purple potion
  3433 | D:4      | 3433 ||| Stepping randomly (stuck).
  3434 | D:4      | 3434 ||| Stepping randomly (stuck).
  3435 | D:4      | 3435 ||| Stepping randomly (stuck).
  3436 | D:4      | 3436 ||| Stepping randomly (stuck).
  3437 | D:4      | 3437 ||| Stepping randomly (stuck).
  3438 | D:4      | 3438 ||| Stepping randomly (stuck).
  3512 | D:5      | 3512 ||| STAIRDANCE
  3968 | D:5      | 3968 ||| Stepping ~*~*~tactically~*~*~ (stealth).
  3971 | D:5      | Reached skill level 7 in Axes
  3986 | D:5      | 3986 ||| Stepping ~*~*~tactically~*~*~ (stealth).
  4007 | D:5      | Reached XP level 8. HP: 22/49 MP: 8/8
  4168 | D:5      | Reached skill level 1 in Dodging
  4360 | D:5      | 4360 ||| DROPPING ring of wizardry.
  4509 | D:6      | 4509 ||| DROPPING +3 mace.
  4567 | D:6      | 4567 ||| READING scroll of enchant weapon.
  4567 | D:6      | 4567 ||| ENCHANTING +1 war axe.
  4578 | D:6      | 4578 ||| FLEEEEING.
  4579 | D:6      | 4579 ||| FLEEEEING.
  4580 | D:6      | 4580 ||| FLEEEEING.
  4582 | D:6      | 4582 ||| Stepping ~*~*~tactically~*~*~ (hiding).
  4583 | D:6      | 4583 ||| Stepping ~*~*~tactically~*~*~ (stealth).
  4599 | D:6      | 4599 ||| Stepping ~*~*~tactically~*~*~ (stealth).
  4600 | D:6      | 4600 ||| Stepping ~*~*~tactically~*~*~ (stealth).
  4601 | D:6      | 4601 ||| Stepping ~*~*~tactically~*~*~ (stealth).
  4602 | D:6      | HP: 10/49 [something/magic dart (5)]
  4603 | D:6      | 4603 ||| READING 6 scrolls of teleportation.
  4604 | D:6      | 4604 ||| DRINKING 4 potions of heal wounds.
  4707 | D:6      | 4707 ||| Invisible monster not found???
  4738 | D:6      | Found Zameakhl Ruza's Lightly-Used Armoury.
  4755 | D:6      | Reached skill level 8 in Axes
  4807 | D:6      | 4807 ||| Stepping ~*~*~tactically~*~*~ (stealth).
  4847 | D:6      | Reached skill level 6 in Fighting
  4882 | D:6      | 4882 ||| DROPPING +4 mace.
  4916 | D:6      | 4916 ||| SHOPLISTING -1 gold dragon scales (825 gold, have
                  | 206).
  4916 | D:6      | 4916 ||| SHOPLISTING -1 pearl dragon scales (1045 gold,
                  | have 206).
  4916 | D:6      | 4916 ||| BUYING -2 demon whip (55 gold).
  4916 | D:6      | Bought a -2 demon whip for 55 gold pieces
  4916 | D:6      | 4916 ||| BUYING -3 eveningstar (1 gold).
  4916 | D:6      | Bought a -3 eveningstar for 1 gold piece
  4916 | D:6      | 4916 ||| DROPPING +0 flail.
  4917 | D:6      | 4917 ||| DROPPING -2 demon whip.
  5220 | D:6      | 5220 ||| READING scroll labelled ETUYL HOCUEKLO.
  5321 | D:6      | 5321 ||| READING scroll labelled QAOLLA AKUR.
  5565 | D:7      | 5565 ||| Stepping ~*~*~tactically~*~*~ (hiding).
  5582 | D:7      | HP: 12/51 [gnoll sergeant/+0 spear (9)]
  5583 | D:7      | 5583 ||| READING 5 scrolls of teleportation.
  5584 | D:7      | 5584 ||| DRINKING 3 potions of heal wounds.
  5586 | D:7      | Reached XP level 9. HP: 40/55 MP: 9/9
  5641 | D:7      | Found a staircase to the Ecumenical Temple.
  5681 | D:7      | 5681 ||| Stepping ~*~*~tactically~*~*~ (hiding).
  5687 | D:7      | 5687 ||| Stepping ~*~*~tactically~*~*~ (hiding).
  5824 | D:7      | Reached skill level 9 in Axes
  5962 | D:7      | Reached skill level 3 in Throwing
  5989 | D:7      | 5989 ||| FLEEEEING.
  5990 | D:7      | 5990 ||| FLEEEEING.
  5991 | D:7      | 5991 ||| FLEEEEING.
  5992 | D:7      | 5992 ||| FLEEEEING.
  5993 | D:7      | 5993 ||| FLEEEEING.
  5994 | D:7      | 5994 ||| FLEEEEING.
  5995 | D:7      | 5995 ||| FLEEEEING.
  5996 | D:7      | 5996 ||| FLEEEEING.
  5997 | D:7      | 5997 ||| FLEEEEING.
  5998 | D:7      | 5998 ||| FLEEEEING.
  5999 | D:7      | 5999 ||| FLEEEEING.
  6001 | D:7      | 6001 ||| FLEEEEING.
  6002 | D:7      | 6002 ||| FLEEEEING.
  6003 | D:7      | 6003 ||| FLEEEEING.
  6004 | D:7      | 6004 ||| FLEEEEING.
  6005 | D:7      | 6005 ||| FLEEEEING.
  6006 | D:7      | 6006 ||| STAIRDANCE
  6036 | D:6      | 6036 ||| READING scroll labelled EKHLAQ EZUR.
  6037 | D:6      | 6037 ||| READING scroll labelled CADYLA WUKHLERCH.
  6037 | D:6      | Identified a scroll of acquirement
  6037 | D:6      | 6037 ||| ACQUIRING +8 broad axe "Guproiff" {flame, rPois
                  | rF+ Will+ Str-4}
  6037 | D:6      | Acquired the +8 broad axe "Guproiff" {flame, rPois rF+
                  | Will+ Str-4}
  6039 | D:6      | 6039 ||| SWAPPING to +8 broad axe "Guproiff" {flame, rPois
                  | rF+ Will+ Str-4}.
  6040 | D:6      | 6040 ||| DROPPING -3 eveningstar.
  6041 | D:6      | 6041 ||| DROPPING +2 war axe.
  6042 | D:6      | 6042 ||| READING 2 scrolls of identify.
  6042 | D:6      | 6042 ||| IDENTIFYING grey potion
  6337 | D:7      | 6337 ||| Stepping ~*~*~tactically~*~*~ (stealth).
  6339 | D:7      | 6339 ||| Stepping ~*~*~tactically~*~*~ (hiding).
  6394 | D:7      | 6394 ||| Stepping ~*~*~tactically~*~*~ (stealth).
  6433 | D:7      | 6433 ||| Stepping ~*~*~tactically~*~*~ (hiding).
  6687 | D:7      | 6687 ||| READING scroll labelled IKHU NAURA.
  6688 | D:7      | 6688 ||| READING 2 scrolls of identify.
  6688 | D:7      | 6688 ||| IDENTIFYING green potion
  6689 | D:7      | 6689 ||| DROPPING potion of degeneration.
  6705 | D:8      | 6705 ||| STAIRDANCE
  6712 | D:8      | 6712 ||| STAIRDANCE
  6718 | D:7      | Reached skill level 10 in Axes
  6737 | D:8      | 6737 ||| STAIRDANCE
  6742 | D:7      | Reached XP level 10. HP: 49/63 MP: 10/10
  6813 | D:8      | Reached skill level 6 in Armour
  6824 | D:8      | 6824 ||| Stepping ~*~*~tactically~*~*~ (stealth).
  6871 | D:8      | 6871 ||| Stepping ~*~*~tactically~*~*~ (hiding).
  6872 | D:8      | 6872 ||| Stepping ~*~*~tactically~*~*~ (hiding).
  6954 | D:8      | Found a basalt altar of Yredelemnul.
  6998 | D:8      | 6998 ||| Stepping ~*~*~tactically~*~*~ (stealth).
  7004 | D:8      | Noticed a two-headed ogre
  7005 | D:8      | 7005 ||| Stepping ~*~*~tactically~*~*~ (stealth).
  7015 | D:8      | Killed a two-headed ogre
  7016 | D:8      | Reached skill level 6 in Shields
  7116 | D:8      | 7116 ||| Stepping randomly (disturbance).
  7130 | D:8      | Killed an unseen horror
  7223 | D:8      | 7223 ||| Stepping ~*~*~tactically~*~*~ (hiding).
  7404 | D:8      | 7404 ||| READING scroll labelled HUM XUTIPIY.
  7405 | D:8      | 7405 ||| READING scroll labelled YKIDUUNGEA.
  7423 | D:9      | 7423 ||| Stepping ~*~*~tactically~*~*~ (hiding).
  7465 | D:9      | 7465 ||| Stepping ~*~*~tactically~*~*~ (stealth).
  7474 | D:9      | Reached skill level 11 in Axes
  7639 | D:9      | 7639 ||| FLEEEEING.
  7744 | D:9      | 7744 ||| Stepping ~*~*~tactically~*~*~ (stealth).
  7747 | D:9      | Found a staircase to the Lair.
  7786 | D:9      | 7786 ||| FLEEEEING.
  7787 | D:9      | 7787 ||| FLEEEEING.
  7791 | D:9      | Reached XP level 11. HP: 61/69 MP: 11/11
  7800 | D:9      | Reached skill level 9 in Fighting
  7821 | D:9      | 7821 ||| FLEEEEING.
  7822 | D:9      | 7822 ||| FLEEEEING.
  7823 | D:9      | 7823 ||| FLEEEEING.
  7824 | D:9      | 7824 ||| FLEEEEING.
  7825 | D:9      | 7825 ||| FLEEEEING.
  7826 | D:9      | 7826 ||| FLEEEEING.
  7827 | D:9      | 7827 ||| FLEEEEING.
  7828 | D:9      | 7828 ||| FLEEEEING.
  7829 | D:9      | 7829 ||| FLEEEEING.
  7830 | D:9      | 7830 ||| FLEEEEING.
  7837 | D:9      | 7837 ||| STAIRDANCE
  7864 | D:8      | 7864 ||| UPGRADING to +6 ring of strength.
  7878 | D:9      | 7878 ||| Stepping ~*~*~tactically~*~*~ (stealth).
  7988 | D:9      | Noticed Pikel
  7993 | D:9      | Killed Pikel
  8512 | D:10     | Entered Level 10 of the Dungeon
  8532 | D:10     | Found a flagged portal.
  8558 | D:10     | 8558 ||| Stepping ~*~*~tactically~*~*~ (stealth).
  8875 | D:10     | 8875 ||| Stepping ~*~*~tactically~*~*~ (stealth).
  8876 | D:10     | 8876 ||| Stepping ~*~*~tactically~*~*~ (stealth).
  8883 | D:10     | 8883 ||| Stepping ~*~*~tactically~*~*~ (stealth).
  8890 | D:10     | Reached skill level 12 in Axes
  9100 | D:10     | Identified the +2 pair of boots of Hangman {rPois Int+2
                  | Dex+2 Stlth+}
  9105 | D:10     | 9105 ||| UPGRADING to +2 pair of boots of Hangman {rPois
                  | Int+2 Dex+2 Stlth+}.
  9110 | D:10     | 9110 ||| UPGRADING to ring of willpower.
  9112 | D:10     | 9112 ||| READING 2 scrolls of identify.
  9112 | D:10     | 9112 ||| IDENTIFYING yellow potion
  9113 | D:10     | 9113 ||| DROPPING potion of ambrosia.
  9130 | D:11     | Found a portal to a secret trove of treasure.
  9220 | D:11     | Noticed a boulder beetle
  9221 | D:11     | 9221 ||| Stepping ~*~*~tactically~*~*~ (stealth).
  9236 | D:11     | Killed a boulder beetle
  9241 | D:11     | 9241 ||| FLEEEEING.
  9242 | D:11     | 9242 ||| FLEEEEING.
  9243 | D:11     | 9243 ||| FLEEEEING.
  9257 | D:11     | 9257 ||| FLEEEEING.
  9258 | D:11     | 9258 ||| FLEEEEING.
  9259 | D:11     | 9259 ||| FLEEEEING.
  9260 | D:11     | 9260 ||| FLEEEEING.
  9265 | D:11     | 9265 ||| STAIRDANCE
  9360 | D:11     | 9360 ||| FLEEEEING.
  9361 | D:11     | 9361 ||| FLEEEEING.
  9362 | D:11     | 9362 ||| FLEEEEING.
  9363 | D:11     | 9363 ||| FLEEEEING.
  9364 | D:11     | 9364 ||| FLEEEEING.
  9365 | D:11     | 9365 ||| FLEEEEING.
  9366 | D:11     | 9366 ||| Stepping ~*~*~tactically~*~*~ (hiding).
  9368 | D:11     | 9368 ||| Stepping ~*~*~tactically~*~*~ (hiding).
  9370 | D:11     | 9370 ||| Stepping ~*~*~tactically~*~*~ (hiding).
  9408 | D:11     | 9408 ||| FLEEEEING.
  9409 | D:11     | 9409 ||| FLEEEEING.
  9410 | D:11     | 9410 ||| FLEEEEING.
  9411 | D:11     | 9411 ||| FLEEEEING.
  9412 | D:11     | 9412 ||| FLEEEEING.
  9413 | D:11     | 9413 ||| FLEEEEING.
  9414 | D:11     | 9414 ||| FLEEEEING.
  9415 | D:11     | 9415 ||| FLEEEEING.
  9416 | D:11     | 9416 ||| STAIRDANCE
  9499 | D:11     | 9499 ||| Stepping ~*~*~tactically~*~*~ (hiding).
  9502 | D:11     | 9502 ||| Stepping ~*~*~tactically~*~*~ (hiding).
  9513 | D:11     | 9513 ||| FLEEEEING.
  9514 | D:11     | 9514 ||| FLEEEEING.
  9515 | D:11     | 9515 ||| STAIRDANCE
  9578 | D:11     | 9578 ||| STAIRDANCE
  9633 | D:11     | 9633 ||| Stepping ~*~*~tactically~*~*~ (hiding).
  9634 | D:11     | 9634 ||| Stepping ~*~*~tactically~*~*~ (hiding).
  9691 | D:11     | 9691 ||| Stepping ~*~*~tactically~*~*~ (stealth).
  9719 | D:11     | 9719 ||| Stepping ~*~*~tactically~*~*~ (stealth).
  9826 | D:11     | 9826 ||| Stepping ~*~*~tactically~*~*~ (stealth).
 10136 | D:11     | Identified the +1 kite shield of the Coins {*Slow rN+++
                  | Will+ Stlth-}
 10137 | D:11     | 10137 ||| Stepping ~*~*~tactically~*~*~ (stealth).
 10138 | D:11     | 10138 ||| Stepping ~*~*~tactically~*~*~ (stealth).
 10139 | D:11     | 10139 ||| Stepping ~*~*~tactically~*~*~ (stealth).
 10140 | D:11     | 10140 ||| Stepping ~*~*~tactically~*~*~ (stealth).
 10141 | D:11     | 10141 ||| Stepping ~*~*~tactically~*~*~ (stealth).
 10142 | D:11     | 10142 ||| Stepping ~*~*~tactically~*~*~ (stealth).
 10143 | D:11     | 10143 ||| Stepping ~*~*~tactically~*~*~ (stealth).
 10144 | D:11     | 10144 ||| Stepping ~*~*~tactically~*~*~ (stealth).
 10145 | D:11     | 10145 ||| Stepping ~*~*~tactically~*~*~ (stealth).
 10178 | D:11     | Noticed a two-headed ogre
 10184 | D:11     | Killed a two-headed ogre
 10275 | D:11     | Found a burning altar of Makhleb.
 10356 | D:11     | 10356 ||| Stepping ~*~*~tactically~*~*~ (stealth).
 10361 | D:11     | 10361 ||| Stepping ~*~*~tactically~*~*~ (stealth).
 10365 | D:11     | Reached XP level 12. HP: 65/77 MP: 12/12
 10365 | D:11     | 10365 ||| FLEEEEING.
 10366 | D:11     | 10366 ||| FLEEEEING.
 10367 | D:11     | 10367 ||| FLEEEEING.
 10369 | D:11     | 10369 ||| FLEEEEING.
 10370 | D:11     | 10370 ||| FLEEEEING.
 10371 | D:11     | 10371 ||| FLEEEEING.
 10372 | D:11     | 10372 ||| FLEEEEING.
 10373 | D:11     | 10373 ||| FLEEEEING.
 10374 | D:11     | 10374 ||| FLEEEEING.
 10375 | D:11     | 10375 ||| FLEEEEING.
 10376 | D:11     | 10376 ||| FLEEEEING.
 10377 | D:11     | 10377 ||| FLEEEEING.
 10379 | D:11     | 10379 ||| FLEEEEING.
 10513 | D:11     | 10513 ||| Stepping ~*~*~tactically~*~*~ (stealth).
 10520 | D:11     | Found a staircase to the Orcish Mines.
 10524 | D:11     | 10524 ||| Stepping ~*~*~tactically~*~*~ (hiding).
 10525 | D:11     | 10525 ||| Stepping ~*~*~tactically~*~*~ (hiding).
 10660 | D:11     | 10660 ||| Stepping ~*~*~tactically~*~*~ (stealth).
 10664 | D:11     | 10664 ||| Stepping ~*~*~tactically~*~*~ (hiding).
 10665 | D:11     | 10665 ||| Stepping ~*~*~tactically~*~*~ (hiding).
 10669 | D:11     | 10669 ||| Stepping ~*~*~tactically~*~*~ (hiding).
 10672 | D:11     | 10672 ||| Stepping ~*~*~tactically~*~*~ (hiding).
 10868 | D:11     | 10868 ||| Stepping ~*~*~tactically~*~*~ (hiding).
 10872 | D:11     | 10872 ||| Stepping ~*~*~tactically~*~*~ (hiding).
 10873 | D:11     | 10873 ||| Stepping ~*~*~tactically~*~*~ (hiding).
 10987 | D:11     | 10987 ||| PLANNING LAIR
 10987 | D:11     | 10987 ||| UPGRADING to +1 kite shield of the Coins {*Slow
                  | rN+++ Will+ Stlth-}.
 10997 | D:11     | 10997 ||| DROPPING +0 buckler.
 11011 | D:11     | 11011 ||| Stepping ~*~*~tactically~*~*~ (stealth).
 11145 | Lair:1   | Entered Level 1 of the Lair of Beasts
 11439 | Lair:1   | 11439 ||| Stepping ~*~*~tactically~*~*~ (stealth).
 11544 | Lair:1   | Reached skill level 9 in Shields
 11548 | Lair:1   | HP: 18/77 [killer bee (6)]
 11549 | Lair:1   | 11549 ||| READING 5 scrolls of teleportation.
 11549 | Lair:1   | HP: 7/77 [killer bee (4)]
 11549 | Lair:1   | Slain by a killer bee

Levels and vault maps discovered:
D:1:      dpeg_arrival_rooms_with_view, layout_basic,
          hellmonk_ecumenical_altar_arch_garden
D:2:      layout_loops_cross, basic_altar, uniq_sigmund
D:3:      layout_basic, grunt_temple_overflow_order_and_chaos_2, serial_shops,
          nicolae_square_shop, uniq_ijyb
D:4:      layout_gridville, mainiacjoe_overflow_cross_hatched,
          serial_co_window_serial, co_window_paths_a,
          co_window_of_opportunity_a, co_window_paths_a, co_window_paths_a,
          co_window_corner_a, co_window_corner_ca, co_window_corner_b,
          co_window_cross_2, co_window_broadway_c, co_window_2corner,
          co_window_of_opportunity_b, co_window_paths_e, glass_columns_c,
          glass_columns_b, uniq_eustachio
D:5:      layout_loops_cross, minmay_misc_feat_ornament,
          roderic_serpentine_path, grunt_ministairs_11, minivault_11,
          minmay_misc_feat_nine_boxes, minmay_misc_feat_encased,
          serial_park_tiny_pond
D:6:      layout_rooms, st_stairs_7, minmay_shop_damaged
D:7:      minmay_bubble_buster, layout_basic, minmay_temple_entry_statues,
          minivault_27
D:8:      layout_rooms, mainiacjoe_overflow_paths
D:9:      layout_roguey, erik_lair_island, chequers_serial_rivers_small_a,
          uniq_pikel
D:10:     layout_basic, enter_bailey_3
D:11:     layout_irregular_city, hiddenorc2_lemuel, enter_trove_0,
          bloody_makhleb
Lair:1:   layout_cave_pods, special_room [special_room_bee], minmay_holes,
          grunt_megastairs_5, lemuel_fruit_tree, infiniplex_staircase_pool_2,
          uniq_urug

Skill      XL: |  1  2  3  4  5  6  7  8  9 10 11 12 |
---------------+-------------------------------------+-----
Axes           | 2 3 5 6 7 8 10 11 12 | 12.9
Fighting       | 4 5 6 7 8 10 | 10.1
Throwing       | 1 2 3 4 |  4.1
Dodging        | 1 2 |  2.3
Armour         | 4 5 6 8 |  8.3
Shields        | 4 6 9 |  9.2

Action                   |  1- 3 |  4- 6 |  7- 9 | 10-12 || total
-------------------------+-------+-------+-------+-------++-------
Melee: War axe           |    92 |    63 |   231 |       ||   386
       Unarmed           |       |    17 |       |       ||    17
       Broad axe         |       |       |    63 |   327 ||   390
Throw: Javelin           |       |    16 |    35 |    83 ||   134
       Boomerang         |       |     1 |       |     5 ||     6
  Use: Scroll            |     4 |     5 |    15 |     4 ||    28
       Potion            |     1 |     1 |     2 |       ||     4
 Stab: Distracted        |       |       |       |     1 ||     1
Armor: Scale mail        |    26 |    23 |       |       ||    49
       Plate armour      |       |    27 |   227 |   219 ||   473
       Skin              |       |     3 |       |       ||     3
Dodge: Dodged            |    38 |    44 |    83 |   100 ||   265
Block: Buckler           |    15 |    10 |    44 |    32 ||   101
       Kite shield       |       |       |       |    66 ||    66

Table legend:
 A = Non-vault XP
 B = Vault XP
 C = Vault XP percentage of total XP
 D = Non-vault monster count
 E = Vault monster count
 F = Vault count percentage of total count
                 A         B        C        D         E       F
            +---------+---------+-------+---------+---------+-------
      Total |   18984 |    5720 |  23.2 |     220 |      92 |  29.5
            +---------+---------+-------+---------+---------+-------
        D:1 |      44 |       3 |   6.4 |      25 |       2 |   7.4
        D:2 |      43 |     226 |  84.0 |      16 |       1 |   5.9
        D:3 |      49 |      32 |  39.5 |      16 |       1 |   5.9
        D:4 |     202 |     191 |  48.6 |      13 |       1 |   7.1
        D:5 |     436 |     229 |  34.4 |      10 |       2 |  16.7
        D:6 |     668 |     232 |  25.8 |      18 |       2 |  10.0
        D:7 |     977 |    1381 |  58.6 |      27 |      16 |  37.2
        D:8 |    2623 |       0 |   0.0 |      27 |       0 |   0.0
        D:9 |    2618 |    1264 |  32.6 |      22 |       9 |  29.0
       D:10 |    2760 |      11 |   0.4 |      12 |       5 |  29.4
       D:11 |    5712 |     491 |   7.9 |      25 |      30 |  54.5
     Lair:1 |    2852 |    1660 |  36.8 |       9 |      23 |  71.9
            +---------+---------+-------+---------+---------+-------
